 Dungeon Crawl Stone Soup version 0.27.1-2-g3b301248ec (webtiles) character file.

Game seed: 9560641494991553042

9 Borgoz the Slasher (level 2, -3/27 HPs)
             Began as a Minotaur Berserker on Sept 27, 2021.
             Was a Follower of Trog.
             Killed by an exploding bat (30 damage)
             ... ignited by their inner flame
             ... on level 1 of the Dungeon.
             The game lasted 00:00:07 (129 turns).

Borgoz the Slasher (Minotaur Berserker)              Turns: 129, Time: 00:00:08

Health: -3/27      AC:  2    Str: 21    XL:     2   Next: 6%
Magic:  1/1        EV: 12    Int:  4    God:    Trog [*.....]
Gold:   12         SH:  0    Dex:  9    Spells: 1/1 levels left

rFire    . . .     SeeInvis .   a - +0 falchion
rCold    . . .     Faith    .   (no shield)
rNeg     . . .     Spirit   .   b - +0 animal skin
rPois    .         Reflect  .   (helmet restricted)
rElec    .         Harm     .   (no cloak)
rCorr    .         Rampage  .   (no gloves)
Will     .....                  (no boots)
Stlth    +.........             (no amulet)
HPRegen  0.09/turn              (no ring)
MPRegen  0.07/turn              (no ring)

@: no status effects
A: horns 2, retaliatory headbutt
a: Renounce Religion, Berserk


You were on level 1 of the Dungeon.
You worshipped Trog.
Trog was aware of your devotion.
You visited 1 branch of the dungeon, and saw 1 of its levels.

You collected 12 gold pieces.

Inventory:

Hand Weapons
 a - a +0 falchion (weapon)
Armour
 b - a +0 animal skin (worn)
Potions
 c - a potion of heal wounds {unknown}


   Skills:
 + Level 3.8 Fighting
 + Level 3.8 Long Blades
 + Level 2.7 Armour
 + Level 2.4 Dodging


You had one spell level left.
You didn't know any spells.
Your spell library was empty.

Dungeon Overview and Level Annotations

Branches:
Dungeon (1/15)

Altars:


Innate Abilities, Weirdness & Mutations

You have a pair of horns on your head.
You reflexively headbutt those who attack you in melee.


Message History

A bat and a hobgoblin come into view.
Found 7 gold pieces.
The hobgoblin shouts!
The hobgoblin hits you. The bat hits you.
You hit the hobgoblin.
The hobgoblin is almost dead.
The bat hits you. The giant cockroach barely misses you.
The hobgoblin hits you.
You hit the hobgoblin.
You kill the hobgoblin!
Trog accepts your kill. The bat hits you but does no damage.
The giant cockroach closely misses you. You furiously retaliate!
You headbutt the giant cockroach, but do no damage.
You hit the giant cockroach but do no damage.
You headbutt the giant cockroach.
The giant cockroach is severely wounded.
The bat barely misses you. The giant cockroach closely misses you.
The giant cockroach completely misses you.
The bat hits you but does no damage.
You hit the giant cockroach but do no damage.
You headbutt the giant cockroach.
You kill the giant cockroach!
Trog accepts your kill. The bat closely misses you.
You riposte.
You slash the bat!
You kill the bat!
Trog accepts your kill.
You have reached level 2!
HP restored.
d - a scroll labelled MIF ETIURECKA A bat comes into view.
As you read the scroll labelled MIF ETIURECKA, it crumbles to dust.
The creatures around you are filled with an inner flame!
It was a scroll of immolation.
You hit the bat. Trog accepts your kill.
The bat explodes!
The fiery explosion engulfs you!!
Ouch! That really hurt!
You die...

......# ......#
#............ ......#
#............ .##.###
#.....$...... .##.##
#............ ♣##..#
#............ ≈♣≈P≈##
####....§§§.....
P♣♣≈PP###.......§§§.....
≈P)≈≈♣≈≈#.......@#
≈≈≈♣≈≈P♣♣........#
≈≈≈≈≈♣≈≈♣♣.......#
≈≈≈≈≈P≈≈≈≈♣......#
≈≈≈≈≈≈≈PP♣≈......#
≈≈≈≈≈♣≈≈P♣≈......#
≈≈♣≈≈♣≈≈♣≈.......#
≈≈≈≈≈≈≈♣♣........#
≈≈♣P≈♣≈..........#


There were no monsters in sight!

Vanquished Creatures
  An endoplasm (D:1)
  A giant cockroach (D:1)
  2 hobgoblins (D:1)
  A quokka (D:1)
  2 bats (D:1)
  2 goblins (D:1)
9 creatures vanquished.

Notes
Turn   | Place    | Note
-------+----------+-------------------------------------------
     0 | D:1      | Borgoz the Minotaur Berserker began the quest for the Orb.
     0 | D:1      | Reached XP level 1. HP: 19/19 MP: 0/0
    48 | D:1      | Reached XP level 2. HP: 20/27 MP: 1/1
   129 | D:1      | Killed by an exploding bat... ignited by their inner flame

Illustrated notes

Levels and vault maps discovered:
D:1:      scummos_arrival_simple_crosswalls, layout_basic, serial_shops, shop,
          serial_park_tiny_2, serial_bayou_lake_a

Action                   || total
-------------------------++-------
Melee: Falchion          ||     9
       Headbutt          ||     4
  Use: Scroll            ||     1
Armor: Animal skin       ||     2
Dodge: Dodged            ||    11
       Rpst.: Falchion   ||     2
